[Event "Swedish Chess Championship 2019: Veteran-SM 65+"]
[Site "Stiga Sports Arena, Arenatorget 1, Eskilstuna, Sweden"]
[Date "2019.07.06"]
[Round "1.1"]
[White "Gromark, Jonas"]
[Black "Andersson, Kjell-Ake"]
[Result "0-1"]
[TimeControl "90 minutes for 40 moves + 30 minutes for the rest of the game + 30 seconds per move from move one"]
[WhiteFideId "137122733"]
[BlackFideId "1713825"]
[WhiteElo "1833"]
[BlackElo "1859"]

1. e4 e6 2. d3 d5 3. Nd2 c5 4. Ngf3 Nc6 5. g3 Nf6 6. Bg2 Be7 7. O-O O-O 8. Re1 Bd7 9. e5 Ne8 10.
c3 b5 11. d4 c4 12. Nf1 a5 13. h4 Nc7 14. Bf4 b4 15. h5 Nb5 16. Qd2 a4 17. Re3 a3 18. Rb1 axb2 19. Qxb2 Nxc3 20.
Ra1 Ra3 21. N1d2 Qa8 22. Qc1 Rxa2 23. Rxa2 Qxa2 0-1

[Event "Swedish Chess Championship 2019: Veteran-SM 65+"]
[Site "Stiga Sports Arena, Arenatorget 1, Eskilstuna, Sweden"]
[Date "2019.07.06"]
[Round "1.2"]
[White "Svensson, Hakan"]
[Black "Lagerborg, Krister"]
[Result "0-1"]
[TimeControl "90 minutes for 40 moves + 30 minutes for the rest of the game + 30 seconds per move from move one"]
[WhiteFideId "1714201"]
[BlackFideId "1712411"]
[WhiteElo "2056"]
[BlackElo "2129"]

1. d4 Nf6 2. Bg5 c6 3. Bxf6 gxf6 4. e3 d6 5. c4 Nd7 6. Nc3 f5 7. Bd3 Nf6 8. Qf3 e6 9. d5 Qb6 10.
Nge2 Bd7 11. O-O O-O-O 12. b4 Ng4 13. Nd4 Bg7 14. dxc6 Bxc6 15. Nxc6 bxc6 16. c5 Qc7 17. Rac1 dxc5 18.
Ba6+ Kd7 19. g3 Bxc3 20. Rxc3 cxb4 21. Rc4 Ne5 22. Rd4+ Ke7 23. Qf4 c5 24. Qg5+ f6 25. Qg7+ Nf7 26.
Rxd8 Rxd8 27. Rc1 Rd2 28. Bc4 h6 29. Bb3 Qe5 30. Rc4 Qa1+ 31. Kg2 Qe1 32. Rf4 Qxe3 33. Qg8 Qe5 34. Qc8 Rd7 35.
Ba4 Qd5+ 36. Kg1 Rd8 37. Qc7+ Kf8 38. Bb3 Qd6 39. Qxa7 Rd7 40. Qa8+ Kg7 41. Qe8 Re7 42. Qa8 Ne5 43.
Qc8 Rc7 44. Qxe6 Qxe6 45. Bxe6 c4 46. Bxf5 c3 47. Bc2 Nc4 48. Rg4+ Kf8 49. Bb3 Na3 50. Rxb4 c2 51. Bxc2 Rxc2 52. Rb6 Kf7 53. Ra6 Rxa2 54. Kg2 Ra1 55. h4 h5 56. Ra7+ Kg6 57. Ra8 Nc2 58. Rg8+ Kh7 59. Rf8 Kg7 60.
Rc8 Ne1+ 61. Kf1 Nd3+ 62. Ke2 Ne5 63. Rc2 Kg6 64. Rd2 Kf5 65. Rd4 Ra2+ 66. Kf1 Ng4 67. Rf4+ Ke5 68. Kg1 Re2 69.
Kg2 f5 70. Kg1 Rd2 71. Kg2 Ne3+ 72. Kf3 Nd1 73. Kg2 Nc3 74. Rf3 Ne4 75. Rf4 Rd4 76. Rf3 Nf6 77. Ra3 Nd5 78. Ra2 f4 79.
gxf4+ Kxf4 80. f3 Ne3+ 81. Kf2 Nf5 82. Ra5 Rd2+ 83. Kg1 Kg3 84. Kf1 Rf2+ 85. Kg1 Rxf3 0-1

[Event "Swedish Chess Championship 2019: Veteran-SM 65+"]
[Site "Stiga Sports Arena, Arenatorget 1, Eskilstuna, Sweden"]
[Date "2019.07.06"]
[Round "1.3"]
[White "Eriksson, Mats"]
[Black "Moborn, Anders"]
[Result "1/2-1/2"]
[TimeControl "90 minutes for 40 moves + 30 minutes for the rest of the game + 30 seconds per move from move one"]
[WhiteFideId "1700936"]
[BlackFideId "1706349"]
[WhiteElo "1961"]
[BlackElo "2034"]

1. e4 c5 2. c3 e6 3. d4 d5 4. exd5 Qxd5 5. Nf3 Nc6 6. Bd3 Nf6 7. O-O Be7 8. Be3 cxd4 9. cxd4 O-O 10. Nc3 Qa5 11. a3 Nd5 12.
Bd2 Nxc3 13. Bxc3 Qh5 14. Be2 Qd5 15. Re1 Rd8 16. Qc2 Bf6 17. Rad1 Bd7 18. Qd2 Be8 19. Qe3 1/2-1/2

[Event "Swedish Chess Championship 2019: Veteran-SM 65+"]
[Site "Stiga Sports Arena, Arenatorget 1, Eskilstuna, Sweden"]
[Date "2019.07.06"]
[Round "1.4"]
[White "Adolfsson, Kjell"]
[Black "Wedin, Svante"]
[Result "1/2-1/2"]
[TimeControl "90 minutes for 40 moves + 30 minutes for the rest of the game + 30 seconds per move from move one"]
[WhiteFideId "1714961"]
[BlackFideId "1711989"]
[WhiteElo "1895"]
[BlackElo "2003"]

1. Nc3 c5 2. Nf3 Nc6 3. d4 cxd4 4. Nxd4 d5 5. Bf4 Nf6 6. e3 e6 7. Bb5 Bd7 8. O-O Be7 9. Re1 O-O 10.
Nxc6 Bxc6 11. Bxc6 bxc6 12. Qf3 Qb6 13. Na4 Qb4 14. b3 Ne4 15. Be5 f6 16. Bb2 c5 17. Qg4 Kf7 18. f3 Nd6 19.
Qh5+ Kg8 20. a3 Qa5 21. Qg4 Kf7 1/2-1/2

[Event "Swedish Chess Championship 2019: Veteran-SM 65+"]
[Site "Stiga Sports Arena, Arenatorget 1, Eskilstuna, Sweden"]
[Date "2019.07.06"]
[Round "1.5"]
[White "Gajic, Zoran"]
[Black "Amnell, Mats"]
[Result "1-0"]
[TimeControl "90 minutes for 40 moves + 30 minutes for the rest of the game + 30 seconds per move from move one"]
[WhiteFideId "1718304"]
[BlackFideId "1717316"]
[WhiteElo "1936"]
[BlackElo "1770"]

1. d4 Nf6 2. Bg5 e6 3. e4 h6 4. Bxf6 Qxf6 5. c3 d6 6. Bd3 Nd7 7. Ne2 e5 8. O-O Be7 9. f4 exd4 10.
cxd4 O-O 11. Nbc3 Bd8 12. Nd5 Qe6 13. Ng3 c6 14. f5 Qe8 15. Nf4 Bb6 16. Bc2 Nf6 17. Kh1 Qe7 18. Qd3 Bd7 19.
Rae1 Bc7 20. Qb3 Bb6 21. Ng6 Qd8 22. Nxf8 Qxf8 23. e5 dxe5 24. dxe5 Ng4 25. Qf3 Qc5 26. Qxg4 Qxc2 27. Nh5 g5 28.
Nf6+ 1-0

[Event "Swedish Chess Championship 2019: Veteran-SM 65+"]
[Site "Stiga Sports Arena, Arenatorget 1, Eskilstuna, Sweden"]
[Date "2019.07.07"]
[Round "2.1"]
[White "Andersson, Kjell-Ake"]
[Black "Lagerborg, Krister"]
[Result "0-1"]
[TimeControl "90 minutes for 40 moves + 30 minutes for the rest of the game + 30 seconds per move from move one"]
[WhiteFideId "1713825"]
[BlackFideId "1712411"]
[WhiteElo "1859"]
[BlackElo "2129"]

1. c4 e5 2. Nc3 d6 3. g3 f5 4. d3 Nf6 5. Bg2 g6 6. e3 Bg7 7. Nge2 O-O 8. O-O Nc6 9. Rb1 h5 10.
b4 h4 11. b5 Ne7 12. a4 hxg3 13. hxg3 Rb8 14. Ba3 b6 15. d4 e4 16. c5 Be6 17. Qc2 g5 18. Nd1 d5 19. Rc1 Rc8 20.
Ndc3 Kf7 21. f3 Rh8 22. Kf2 exf3 23. Bxf3 Rh2+ 24. Kg1 Qh8 25. Qd2 Qh3 26. Rf2 Ng4 27. Bg2 Qh6 0-1

[Event "Swedish Chess Championship 2019: Veteran-SM 65+"]
[Site "Stiga Sports Arena, Arenatorget 1, Eskilstuna, Sweden"]
[Date "2019.07.07"]
[Round "2.2"]
[White "Moborn, Anders"]
[Black "Gajic, Zoran"]
[Result "1-0"]
[TimeControl "90 minutes for 40 moves + 30 minutes for the rest of the game + 30 seconds per move from move one"]
[WhiteFideId "1706349"]
[BlackFideId "1718304"]
[WhiteElo "2034"]
[BlackElo "1936"]

1. d4 d6 2. c4 Nf6 3. Nc3 g6 4. e4 Bg7 5. Nf3 O-O 6. Be2 c5 7. h3 Na6 8. d5 e6 9. O-O exd5 10.
cxd5 Re8 11. Nd2 Nc7 12. a4 Rb8 13. Bd3 a6 14. a5 Bd7 15. Nc4 Bb5 16. Nb6 c4 17. Bc2 Na8 18. Be3 Nxb6 19.
Bxb6 Qe7 20. Bd4 Nd7 21. Bxg7 Kxg7 22. Qd4+ Qe5 23. Rfd1 Qxd4 24. Rxd4 Nc5 25. Nd1 Rbc8 26. Ne3 Nd7 27.
Ba4 Bxa4 28. Rxa4 c3 29. bxc3 Rxc3 30. Rac4 Ra3 31. Rc7 Nc5 32. Nc4 Ra1+ 33. Kh2 Rxe4 34. Rxe4 Nxe4 35. f3 Nf6 36.
Nxd6 Nxd5 37. Rxf7+ Kg8 38. Rxb7 Rxa5 39. g4 Ra3 40. Kg3 g5 41. Nf7 a5 42. Nxg5 h6 43. Ne6 a4 44. h4 Rb3 45.
Rg7+ Kh8 46. Ra7 a3 47. Nd4 1-0

[Event "Swedish Chess Championship 2019: Veteran-SM 65+"]
[Site "Stiga Sports Arena, Arenatorget 1, Eskilstuna, Sweden"]
[Date "2019.07.07"]
[Round "2.3"]
[White "Wedin, Svante"]
[Black "Svensson, Hakan"]
[Result "1-0"]
[TimeControl "90 minutes for 40 moves + 30 minutes for the rest of the game + 30 seconds per move from move one"]
[WhiteFideId "1711989"]
[BlackFideId "1714201"]
[WhiteElo "2003"]
[BlackElo "2056"]

1. e4 e6 2. d4 d5 3. Nd2 c5 4. exd5 Qxd5 5. Ngf3 cxd4 6. Bc4 Qd6 7. O-O Nf6 8. Nb3 Nc6 9. Nbxd4 Nxd4 10.
Nxd4 a6 11. Re1 Qc7 12. Bf1 Bd7 13. Qf3 Be7 14. Bf4 Qb6 15. Be5 Rc8 16. c4 Bc6 17. Qh3 Bc5 18. Rad1 Rd8 19. Nxe6 Bxf2+ 20. Kh1 Rxd1 21. Nxg7+ Kf8 22. Rxd1 Kxg7 23. Qg4+ Kf8 24. Bxf6 Bxg2+ 25. Bxg2 Qxf6 26. Bxb7 Rg8 27. Qf3 Qxf3+ 28. Bxf3 Ke7 29. Bd5 Rg7 30. b4 f6 31. a4 Rg5 32. Rf1 Bd4 33. Re1+ Kf8 34. a5 Kg7 35. Bb7 Bc3 36. Rb1 Be5 37.
Bxa6 Rh5 38. Bc8 Rxh2+ 39. Kg1 Ra2 40. a6 Bd4+ 41. Kh1 Rc2 42. Be6 Ra2 43. b5 Bb6 44. c5 1-0

[Event "Swedish Chess Championship 2019: Veteran-SM 65+"]
[Site "Stiga Sports Arena, Arenatorget 1, Eskilstuna, Sweden"]
[Date "2019.07.07"]
[Round "2.4"]
[White "Gromark, Jonas"]
[Black "Eriksson, Mats"]
[Result "0-1"]
[TimeControl "90 minutes for 40 moves + 30 minutes for the rest of the game + 30 seconds per move from move one"]
[WhiteFideId "137122733"]
[BlackFideId "1700936"]
[WhiteElo "1833"]
[BlackElo "1961"]

1. e4 e5 2. Nf3 Nc6 3. Bc4 Bc5 4. c3 Nf6 5. d3 d6 6. Bb3 O-O 7. Bg5 Qe7 8. Nbd2 a6 9. h3 Be6 10.
Bc2 Ba7 11. Qe2 Rad8 12. Nf1 d5 13. Ne3 dxe4 14. dxe4 h6 15. Bh4 Rd6 16. O-O g5 17. Nxg5 hxg5 18. Bxg5 Kg7 19. Qf3 Rg8 20.
Bb3 Na5 21. Bxe6 Bxe3 22. fxe3 Qxe6 23. Rf2 Nh7 24. Bh4 Nc4 25. b3 Nd2 26. Qh5 Nxe4 27. Rf5 Qg6 28. Qf3 Nhg5 29. Bxg5 Nxg5 30.
Qg4 Nh7 31. Qf3 Rf6 32. e4 Rxf5 33. exf5 Qg5 34. Re1 Nf6 35. Rxe5 Rd8 36. Re3 Rd1+ 37. Kh2 Rd2 38. a4 Nd5 39.
Re4 Kf8 40. h4 Qh6 41. Qg3 Nf6 42. Rc4 Nd5 43. Re4 Qd6 44. Qxd6+ cxd6 45. c4 Nf6 46. Rf4 Ke7 47. Rf3 Ng4+ 48.
Kh3 Ne5 49. Re3 Kf6 50. g4 Rd3 51. Rg3 Rxg3+ 52. Kxg3 Nd3 53. a5 Nb4 54. Kf4 Nc6 55. g5+ Kg7 56. Ke4 Nxa5 57. Kd5 Nxb3 58.
Kxd6 a5 59. Ke7 Nd4 60. f6 Kg8 61. g6 Nf5+ 62. Ke8 Nh6 0-1

[Event "Swedish Chess Championship 2019: Veteran-SM 65+"]
[Site "Stiga Sports Arena, Arenatorget 1, Eskilstuna, Sweden"]
[Date "2019.07.07"]
[Round "2.5"]
[White "Amnell, Mats"]
[Black "Adolfsson, Kjell"]
[Result "0-1"]
[TimeControl "90 minutes for 40 moves + 30 minutes for the rest of the game + 30 seconds per move from move one"]
[WhiteFideId "1717316"]
[BlackFideId "1714961"]
[WhiteElo "1770"]
[BlackElo "1895"]

1. e4 e6 2. d4 Nf6 3. Nd2 d5 4. Bd3 c5 5. c3 Nc6 6. Ngf3 c4 7. Bc2 Be7 8. O-O h6 9. Re1 b5 10.
e5 Nd7 11. h3 Qb6 12. Nh2 Bb7 13. Qg4 g5 14. Qh5 Rf8 15. Qxh6 O-O-O 16. Qh5 f5 17. exf6 Nxf6 18. Qe2 e5 19.
dxe5 Nd7 20. Ndf3 d4 21. cxd4 Nxd4 22. Nxd4 Qxd4 23. Ng4 Nc5 24. Rd1 Nd3 25. Be3 Qd5 26. f3 Bc5 27. Bxd3 cxd3 28.
Qd2 Kb8 29. a3 Rxf3 30. Bxc5 Qxc5+ 31. Kh2 Rf4 32. Rac1 Qd4 33. Rc3 Rxg4 34. hxg4 Rh8+ 35. Kg3 Qxe5+ 36. Kf2 Rf8+ 37. Kg1 Qd4+ 38.
Kh2 Rf2 39. Rxd3 Qh8+ 40. Rh3 Qe5+ 41. Rg3 Rxg2+ 42. Qxg2 Bxg2 43. Kxg2 Qe2+ 44. Kh3 Qxd1 45. Rg2 a5 0-1

[Event "Swedish Chess Championship 2019: Veteran-SM 65+"]
[Site "Stiga Sports Arena, Arenatorget 1, Eskilstuna, Sweden"]
[Date "2019.07.08"]
[Round "3.1"]
[White "Eriksson, Mats"]
[Black "Andersson, Kjell-Ake"]
[Result "0-1"]
[TimeControl "90 minutes for 40 moves + 30 minutes for the rest of the game + 30 seconds per move from move one"]
[WhiteFideId "1700936"]
[BlackFideId "1713825"]
[WhiteElo "1961"]
[BlackElo "1859"]

1. e4 e6 2. d4 d5 3. Nd2 Nf6 4. e5 Nfd7 5. Bd3 c5 6. c3 Nc6 7. Ne2 Qb6 8. Nf3 cxd4 9. cxd4 f6 10.
exf6 Nxf6 11. O-O Bd6 12. Bd2 O-O 13. Bc3 Bd7 14. Rc1 Rae8 15. Qd2 Qc7 16. b4 Qb8 17. b5 Ne7 18. a4 Ng4 19. h3 Rxf3 20.
hxg4 Rf6 21. g5 Rf7 22. Qe3 Nf5 23. Qh3 g6 24. g3 e5 25. g4 e4 26. Bc2 Ng7 27. Bb3 Be6 28. Ng3 Bf4 29.
Rce1 Bxg5 30. f3 e3 31. Ne2 Nh5 32. Qh2 Qxh2+ 33. Kxh2 Nf4 34. Kg3 Nxe2+ 35. Rxe2 Bf4+ 36. Kg2 Rc7 37. Bb2 Rec8 38. Rd1 Kg7 39. Rd3 h5 40. gxh5 gxh5 0-1

[Event "Swedish Chess Championship 2019: Veteran-SM 65+"]
[Site "Stiga Sports Arena, Arenatorget 1, Eskilstuna, Sweden"]
[Date "2019.07.08"]
[Round "3.2"]
[White "Lagerborg, Krister"]
[Black "Wedin, Svante"]
[Result "1-0"]
[TimeControl "90 minutes for 40 moves + 30 minutes for the rest of the game + 30 seconds per move from move one"]
[WhiteFideId "1712411"]
[BlackFideId "1711989"]
[WhiteElo "2129"]
[BlackElo "2003"]

1. e4 c5 2. Nf3 g6 3. d4 cxd4 4. Nxd4 Nc6 5. Be3 Nf6 6. Nc3 Bg7 7. Bc4 Qa5 8. O-O Qb4 9. Bb3 Nxe4 10. Nxe4 Nxd4 11. Bxf7+ Kxf7 12. Ng5+ Kf8 13. c3 Qb5 14. cxd4 h6 15. Qf3+ Qf5 16. Qxf5+ gxf5 17.
Nf3 d6 18. Rac1 Ke8 19. Rc7 Bf6 20. b3 Be6 21. Rxb7 Bd5 22. Rc7 Rg8 23. Kh1 Kf7 24. Rfc1 a5 25. Bxh6 Bxd4 26. Be3 Bf6 27.
Rd1 Ke6 28. Rc2 Be4 29. Re2 Rxg2 30. Kxg2 Rg8+ 31. Bg5 Rxg5+ 32. Kf1 Rh5 33. Nd2 Kf7 34. Nxe4 fxe4 35. Rxe4 Rxh2 36. Rd3 Rh1+ 37. Ke2 Ra1 38. Ra4 1-0

[Event "Swedish Chess Championship 2019: Veteran-SM 65+"]
[Site "Stiga Sports Arena, Arenatorget 1, Eskilstuna, Sweden"]
[Date "2019.07.08"]
[Round "3.3"]
[White "Gajic, Zoran"]
[Black "Gromark, Jonas"]
[Result "1-0"]
[TimeControl "90 minutes for 40 moves + 30 minutes for the rest of the game + 30 seconds per move from move one"]
[WhiteFideId "1718304"]
[BlackFideId "137122733"]
[WhiteElo "1936"]
[BlackElo "1833"]

1. d4 Nf6 2. Nf3 d5 3. c4 e6 4. Nc3 Be7 5. e3 O-O 6. b3 c5 7. Bb2 Nc6 8. Bd3 Nb4 9. Be2 b6 10. O-O Bb7 11. a3 Nc6 12. cxd5 Nxd5 13. Nxd5 exd5 14. Rc1 Rc8 15. Bd3 h6 16. Qe2 Na5 17.
Bb1 g6 18. Ne5 Bf6 19. Ba2 Qe7 20. Rfd1 Rfd8 21. h3 Nc6 22. Ng4 Bg7 23. dxc5 h5 24. Bxg7 Kxg7 25. Qb2+ f6 26. Nh2 bxc5 27.
Nf3 Ne5 28. Nh4 Ba6 29. Bb1 c4 30. Bxg6 Qb7 31. Bf5 Rb8 32. b4 Nd3 33. Bxd3 cxd3 34. Nf5+ Kg6 35. Nd4 Bc4 36. Ne6 Rd6 37.
Nf4+ Kh6 38. Nxd3 Qe7 39. Qd4 Re6 40. Qf4+ 1-0

[Event "Swedish Chess Championship 2019: Veteran-SM 65+"]
[Site "Stiga Sports Arena, Arenatorget 1, Eskilstuna, Sweden"]
[Date "2019.07.08"]
[Round "3.4"]
[White "Svensson, Hakan"]
[Black "Amnell, Mats"]
[Result "1-0"]
[TimeControl "90 minutes for 40 moves + 30 minutes for the rest of the game + 30 seconds per move from move one"]
[WhiteFideId "1714201"]
[BlackFideId "1717316"]
[WhiteElo "2056"]
[BlackElo "1770"]

1. d4 Nf6 2. Bg5 g6 3. Bxf6 exf6 4. e3 Bg7 5. c4 O-O 6. Nc3 d6 7. g3 Nd7 8. Bg2 f5 9. Nge2 Nf6 10. O-O Re8 11. Qc2 Rb8 12. b4 Qe7 13. b5 Ne4 14. Nd5 Qd8 15. Rab1 Bd7 16. a4 c6 17.
Ndc3 Qe7 18. bxc6 Bxc6 19. a5 Qc7 20. Qa2 Nxc3 21. Nxc3 Bxg2 22. Kxg2 Rec8 23. Nb5 Qc6+ 24. Kg1 a6 25.
Na7 Qxc4 26. Qb2 Rd8 27. Rfc1 Qe6 28. Rc7 Rd7 29. Qb6 Bf6 30. Nc6 Bd8 31. Nxd8 Rdxd8 32. Rxb7 Ra8 33. Ra7 Rxa7 34.
Qxa7 Qa2 35. Qb6 Rc8 36. Rf1 d5 37. Qxa6 Rc3 38. Qb6 Ra3 39. Rc1 Rxa5 40. Qf6 Ra8 41. h4 Qe2 42. Kg2 h5 43.
Rc7 Rf8 44. Qd6 Qa2 45. Rd7 Ra8 46. Qf6 Rf8 47. Qc6 Rb8 48. Qf6 Rf8 49. Qe5 Rc8 50. Qxd5 Qa1 51. Qxf7+ 1-0

[Event "Swedish Chess Championship 2019: Veteran-SM 65+"]
[Site "Stiga Sports Arena, Arenatorget 1, Eskilstuna, Sweden"]
[Date "2019.07.08"]
[Round "3.5"]
[White "Adolfsson, Kjell"]
[Black "Moborn, Anders"]
[Result "0-1"]
[TimeControl "90 minutes for 40 moves + 30 minutes for the rest of the game + 30 seconds per move from move one"]
[WhiteFideId "1714961"]
[BlackFideId "1706349"]
[WhiteElo "1895"]
[BlackElo "2034"]

1. Nc3 d5 2. e4 d4 3. Nce2 Nc6 4. Nf3 Bg4 5. Ng3 Ne5 6. d3 Nxf3+ 7. gxf3 Bd7 8. f4 e6 9. c3 dxc3 10. bxc3 Bc6 11. f5 e5 12. Be3 Nf6 13. Be2 Qd7 14. Rb1 Rd8 15. O-O h5 16. h4 Be7 17.
Bg5 Nh7 18. f4 exf4 19. Bxe7 Qxe7 20. Rxf4 Qc5+ 21. Kf1 Qxc3 22. Nxh5 Nf6 23. Nxf6+ Qxf6 24. h5 Qg5 25. Rg4 Qxh5 26.
Rxg7 Qh3+ 27. Rg2 Bxe4 28. Qa4+ Bc6 29. Qg4 Bxg2+ 30. Qxg2 Qh1+ 0-1

[Event "Swedish Chess Championship 2019: Veteran-SM 65+"]
[Site "Stiga Sports Arena, Arenatorget 1, Eskilstuna, Sweden"]
[Date "2019.07.09"]
[Round "4.1"]
[White "Andersson, Kjell-Ake"]
[Black "Wedin, Svante"]
[Result "1-0"]
[TimeControl "90 minutes for 40 moves + 30 minutes for the rest of the game + 30 seconds per move from move one"]
[WhiteFideId "1713825"]
[BlackFideId "1711989"]
[WhiteElo "1859"]
[BlackElo "2003"]

1. d4 d5 2. c4 c6 3. cxd5 cxd5 4. Bf4 Nc6 5. Nc3 Nf6 6. e3 a6 7. Bd3 g6 8. h3 Bg7 9. Nf3 O-O 10. O-O Nh5 11. Bh2 f5 12. Rc1 Kh8 13. Qb3 e6 14.
Na4 f4 15. Nb6 Ra7 16. g4 fxg3 17. fxg3 Bd7 18. g4 Rxf3 19. Rxf3 Nxd4 20. exd4 Bxd4+ 21. Kg2 Bxb6 22. Rcf1 1-0

[Event "Swedish Chess Championship 2019: Veteran-SM 65+"]
[Site "Stiga Sports Arena, Arenatorget 1, Eskilstuna, Sweden"]
[Date "2019.07.09"]
[Round "4.2"]
[White "Amnell, Mats"]
[Black "Lagerborg, Krister"]
[Result "0-1"]
[TimeControl "90 minutes for 40 moves + 30 minutes for the rest of the game + 30 seconds per move from move one"]
[WhiteFideId "1717316"]
[BlackFideId "1712411"]
[WhiteElo "1770"]
[BlackElo "2129"]

1. e4 c5 2. c3 d6 3. d4 Nd7 4. Nf3 g6 5. Bc4 e6 6. O-O a6 7. a4 b6 8.
Bg5 Qc7 9. Nbd2 h6 10. Bf4 Ne7 11. h3 Bg7 12. b4 O-O 13. Qb3 Nf6 14. e5 dxe5 15. Bxe5 Qa7 16. bxc5 bxc5 17. Bxf6 Bxf6 18.
Ne4 Bg7 19. Nxc5 Rb8 20. Qc2 e5 21. Rfe1 exd4 22. cxd4 Bf5 23. Bd3 Rfd8 24. Bxf5 Nxf5 25. Nb3 Rbc8 26. Qd3 Nxd4 27. Nbxd4 Bxd4 28.
Nxd4 Rxd4 29. Qe3 h5 30. Rec1 Rcd8 31. a5 Qd7 32. Qe5 Rd5 33. Qe2 Rb5 34. Rd1 Qe8 35. Rxd8 Qxd8 36. Qa2 Qd5 37.
Qxd5 Rxd5 {time forfeit} 0-1

[Event "Swedish Chess Championship 2019: Veteran-SM 65+"]
[Site "Stiga Sports Arena, Arenatorget 1, Eskilstuna, Sweden"]
[Date "2019.07.09"]
[Round "4.3"]
[White "Gromark, Jonas"]
[Black "Adolfsson, Kjell"]
[Result "0-1"]
[TimeControl "90 minutes for 40 moves + 30 minutes for the rest of the game + 30 seconds per move from move one"]
[WhiteFideId "137122733"]
[BlackFideId "1714961"]
[WhiteElo "1833"]
[BlackElo "1895"]

1. e4 e6 2. d3 c5 3. Qe2 Nc6 4. c3 d6 5. Nf3 Nge7 6. g3 Ng6 7.
Bg2 Be7 8. O-O Qc7 9. Be3 Bd7 10. d4 O-O 11. h4 Nh8 12. Nbd2 Rae8 13. d5 exd5 14. exd5 Nb8 15. Qd3 f5 16. h5 Nf7 17. Qc2 Bf6 18. Nh4 Bxh4 19. gxh4 Ne5 20. Bf4 c4 21.
Nf3 Nd3 22. Be3 Re4 23. h6 Rg4 24. hxg7 Rf6 25.
Bg5 Rg6 26. Nh2 Rxg2+ 27. Kxg2 h6 28. f4 Qc5 29. Kh1 Qxd5+ 30. Qg2 Qxg2+ 31. Kxg2 Rxg7 32. Nf3 Nxf4+ 33. Kf2 hxg5 34. Nxg5 Nd3+ 35.
Ke3 Nc6 36. b3 b5 37. a4 Nce5 38. bxc4 bxc4 39. Rab1 Nc6 40. Rb5 Re7+ 41. Kd2 Nc5 42. h5 Rg7 43. Nh3 Rg2+ 44. Kd1 Nxa4 45. Rb7 Nxc3+ 46. Kc1 Nd4 47.
Nf2 Bc6 48. Rxa7 Nce2+ 49. Kd2 c3+ 50. Ke3 Rg3# 0-1

[Event "Swedish Chess Championship 2019: Veteran-SM 65+"]
[Site "Stiga Sports Arena, Arenatorget 1, Eskilstuna, Sweden"]
[Date "2019.07.09"]
[Round "4.4"]
[White "Moborn, Anders"]
[Black "Svensson, Hakan"]
[Result "0-1"]
[TimeControl "90 minutes for 40 moves + 30 minutes for the rest of the game + 30 seconds per move from move one"]
[WhiteFideId "1706349"]
[BlackFideId "1714201"]
[WhiteElo "2034"]
[BlackElo "2056"]

1. d4 d5 2. c4 e6 3. Nc3 Nf6 4. Nf3 c6 5. e3 Nbd7 6. Bd3 dxc4 7. Bxc4 b5 8. Bd3 a6 9. e4 c5 10. d5 c4 11. Bc2 Qc7 12. dxe6 fxe6 13. Ng5 Nc5 14. Qe2 h6 15.
Nf3 Bb7 16. e5 Nd5 17. Bg6+ Kd7 18. O-O Rd8 19. Nd4 Kc8 20. f4 Ne7 21. Nxe6 Nxe6 22. Qg4 Qb6+ 23. Kh1 Nxg6 24. Qxg6 Bc5 25.
f5 Ng5 26. f6 Qc6 27. Qc2 gxf6 28. Rxf6 Ne6 29. Bxh6 Rdg8 30. Rg6 Rxg6 31. Qxg6 Rxh6 0-1

[Event "Swedish Chess Championship 2019: Veteran-SM 65+"]
[Site "Stiga Sports Arena, Arenatorget 1, Eskilstuna, Sweden"]
[Date "2019.07.10"]
[Round "5.1"]
[White "Gajic, Zoran"]
[Black "Andersson, Kjell-Ake"]
[Result "0-1"]
[TimeControl "90 minutes for 40 moves + 30 minutes for the rest of the game + 30 seconds per move from move one"]
[WhiteFideId "1718304"]
[BlackFideId "1713825"]
[WhiteElo "1936"]
[BlackElo "1859"]

1. d4 e6 2. Nc3 d5 3. Bf4 Nf6 4. e3 Be7 5.
Bd3 O-O 6. Nf3 c5 7. Nb5 Ne8 8. dxc5 a6 9. Nbd4 Bxc5 10. Ng5 Nf6 11. c3 Nc6 12. Qc2 h6 13.
Ngf3 Bd7 14. g4 Nxd4 15. exd4 Be7 16. Rg1 Bb5 17. g5 hxg5 18. Bxg5 Bxd3 19. Qxd3 Ne4 20. h4 b5 21. Bh6 Bf6 22.
h5 Kh8 23. Qe3 a5 24. Ne5 b4 25. f3 Nd6 26. Ng4 Nf5 27. Qf4 gxh6 28. Nxh6 Bh4+ 29. Kd2 Qb8 30. Qxb8 bxc3+ 0-1

[Event "Swedish Chess Championship 2019: Veteran-SM 65+"]
[Site "Stiga Sports Arena, Arenatorget 1, Eskilstuna, Sweden"]
[Date "2019.07.10"]
[Round "5.2"]
[White "Wedin, Svante"]
[Black "Amnell, Mats"]
[Result "1-0"]
[TimeControl "90 minutes for 40 moves + 30 minutes for the rest of the game + 30 seconds per move from move one"]
[WhiteFideId "1711989"]
[BlackFideId "1717316"]
[WhiteElo "2003"]
[BlackElo "1770"]

1. e4 d6 2. d4 Nf6 3. Nc3 g6 4. f4 Bg7 5. Nf3 O-O 6. Be2 c5 7. d5 Bg4 8. O-O Nbd7 9. Nd2 Bxe2 10. Qxe2 a6 11. a4 Ne8 12. Nc4 Nc7 13. Be3 b5 14.
Na5 b4 15. Nc6 Qe8 16. Nd1 e6 17. dxe6 Qxe6 18. Qd2 d5 19. exd5 Qd6 20. c4 bxc3 21. Nxc3 f5 22. Rad1 Rfe8 23.
Bf2 Rac8 24. Rfe1 Nf6 25. Na5 Rxe1+ 26. Bxe1 c4 27. Bf2 Qb4 28. Nc6 Qd6 29. Ne5 Ne4 30. Nxc4 Qb4 31. Nxe4 fxe4 32.
Qxb4 1-0

[Event "Swedish Chess Championship 2019: Veteran-SM 65+"]
[Site "Stiga Sports Arena, Arenatorget 1, Eskilstuna, Sweden"]
[Date "2019.07.10"]
[Round "5.3"]
[White "Lagerborg, Krister"]
[Black "Moborn, Anders"]
[Result "1-0"]
[TimeControl "90 minutes for 40 moves + 30 minutes for the rest of the game + 30 seconds per move from move one"]
[WhiteFideId "1712411"]
[BlackFideId "1706349"]
[WhiteElo "2129"]
[BlackElo "2034"]

1. e4 e6 2. Qe2 c5 3. f4 Nc6 4. c3 d5 5. d3 Nf6 6. e5 Nd7 7. Nf3 b5 8.
g3 c4 9.
d4 b4 10. Bg2 Qb6 11. f5 Be7 12. fxe6 fxe6 13. Bh3 Nf8 14. O-O a5 15. Bg5 Ra7 16. a3 b3 17. Nbd2 Nd8 18. Rf2 Bxg5 19.
Nxg5 Re7 20. Raf1 g6 21. Nde4 dxe4 22. Nxe4 Nb7 23. Qxc4 Rc7 24. Qd3 Rg7 25. Rf6 g5 26. Qf3 Ng6 27.
Bg4 Nxe5 28. Rf8+ Kd7 29. Qf6 1-0